WASHINGTON Capitals vs EDMONTON Oilers

Created - 28 octobre 2018 at 22:24

Goals
1 2 3 T
WASHINGTON Capitals 2 0 0 2
EDMONTON Oilers 0 0 0 0
Shots
1 2 3 T
WASHINGTON Capitals 13 9 18 40
EDMONTON Oilers 7 7 3 17

1st period

1. WASHINGTON Capitals , Adam Larsson 1 (Derek Stepan 3, Robin Lehner) at 16:08 (PP)
2. WASHINGTON Capitals , Derek Stepan 2 (Blake Comeau 1, Andy Greene 3) at 19:03

Penalties :
Madison Bowey (EDM) for Diving (Minor) at 14:09, Leo Komarov (EDM) for Hooking (Minor) at 19:04

2nd period

No Goal

Penalties :
No Penalty

3rd period

No Goal

Penalties :
Sam Gagner (EDM) for Close Hand On Puck (Minor) at 0:47, Mark Letestu (EDM) for Roughing (Minor) at 2:51, Andrew Shaw (EDM) for Roughing (Minor) at 5:08, Matt Irwin (EDM) for Hooking (Minor) at 17:35

Goalie Stats

Robin Lehner (WSH), 17 saves from 17 shots - (1,000), W, 2-4-1, 60:00 minutes
Sergei Bobrovsky (EDM), 38 saves from 40 shots - (0,950), L, 2-6-0, 60:00 minutes

Players Stats for WASHINGTON Capitals

Player Name              G  A  P  +/- PIM S  H  SB GA TA FO     MP     PP MP  PK MP  
------------------------------------------------------------------------------------
Adam Larsson             1  0  1   0  0   2  4  0  0  0  0/0    23:54   5:53   0:00 
Andy Greene              0  1  1   1  0   2  1  2  0  0  0/0    16:08   0:00   0:00 
Anton Stralman           0  0  0   0  0   5  0  2  0  0  0/0    24:55   5:53   0:00 
Blake Coleman            0  0  0   0  0   2  3  0  0  0  5/9     6:49   0:00   0:00 
Blake Comeau             0  1  1   1  0   2  2  0  0  0  1/1    19:34   5:38   0:00 
Braydon Coburn           0  0  0   0  0   0  6  0  0  0  0/0    13:57   0:00   0:00 
Brock Boeser             0  0  0   0  0   4  1  0  0  0  1/1    23:37   6:16   0:00 
Christian Dvorak         0  0  0   1  0   2  1  0  0  0  1/2    19:34   5:38   0:00 
Derek Stepan             1  1  2   1  0   4  0  0  0  0  23/32  19:34   5:38   0:00 
Gustav Nyquist           0  0  0   0  0   2  1  1  0  0  2/2    23:37   6:16   0:00 
Jakub Vrana              0  0  0   0  0   1  1  0  0  0  0/0    10:00   0:00   0:00 
Jordan Weal              0  0  0   0  0   0  0  0  0  0  0/0     6:49   0:00   0:00 
Matt Hendricks           0  0  0   0  0   0  1  0  0  0  0/0     6:49   0:00   0:00 
Pavel Buchnevich         0  0  0   0  0   1  0  0  0  0  0/0    10:00   0:00   0:00 
Ryan Strome              0  0  0   0  0   0  1  0  0  0  4/8    10:00   0:00   0:00 
Thomas Hickey            0  0  0   0  0   3  1  2  0  0  0/0    19:58   6:01   0:00 
Trevor Daley             0  0  0   1  0   4  2  1  0  0  0/0    21:08   6:01   0:00 
William Karlsson         0  0  0   0  0   6  1  0  0  0  19/36  23:37   6:16   0:00 

Players Stats for EDMONTON Oilers

Player Name              G  A  P  +/- PIM S  H  SB GA TA FO     MP     PP MP  PK MP  
------------------------------------------------------------------------------------
Andrew Shaw              0  0  0  -1  2   3  5  0  0  0  2/3    17:12   0:00   0:00 
Brad Hunt                0  0  0   0  0   0  0  2  0  0  0/0    18:49   0:00   1:10 
Brian Flynn              0  0  0   0  0   0  0  0  0  0  1/1    12:41   0:00   0:00 
Casey Bailey             0  0  0   0  0   0  0  0  0  0  0/1     4:19   0:00   0:00 
Cody Franson             0  0  0  -1  0   0  1  2  0  0  0/0    22:48   0:00   4:07 
David Desharnais         0  0  0   0  0   1  0  0  0  0  1/1     2:55   0:00   0:00 
Jason Spezza             0  0  0  -1  0   4  0  0  0  0  6/24   21:43   0:00   3:48 
Jimmy Vesey              0  0  0   0  0   1  1  0  0  0  1/2    12:49   0:00   0:08 
Jordan Eberle            0  0  0   0  0   1  0  0  0  0  6/18   26:18   0:00   8:06 
Josh Morrissey           0  0  0   0  0   0  6  4  0  0  0/0    27:42   0:00   7:44 
Leo Komarov              0  0  0   0  2   3  2  0  0  0  3/8    18:56   0:00   3:40 
Madison Bowey            0  0  0   0  2   0  1  4  0  0  0/0    19:31   0:00   5:49 
Mark Letestu             0  0  0   0  2   0  1  0  0  0  4/10   12:40   0:00   0:00 
Matt Irwin               0  0  0  -1  2   2  2  0  0  0  0/0    21:20   0:00   3:15 
Mike Hoffman             0  0  0   0  0   0  0  1  0  0  11/23  23:23   0:00   8:06 
Niklas Hjalmarsson       0  0  0   0  0   0  0  1  0  0  0/0     7:42   0:00   1:43 
Sam Gagner               0  0  0  -1  2   2  0  0  0  0  0/0    17:12   0:00   0:00 
Travis Morin             0  0  0   0  0   0  0  0  0  0  0/0     0:00   0:00   0:00 

3 Stars

1 - Robin Lehner (WSH)
2 - Sergei Bobrovsky (EDM)
3 - Derek Stepan (WSH)

Power Play

WASHINGTON Capitals - 1 on 6 Attempt(s) - 16,67%
EDMONTON Oilers - 0 on 0 Attempt(s) - 0,00%

Penalty Kill

WASHINGTON Capitals - 0 on 0 Attempt(s) - 0,00% - Score 0 goal in Penalty Kill
EDMONTON Oilers - 5 on 6 Attempt(s) - 83,33% - Score 0 goal in Penalty Kill

Team Stat

WASHINGTON Capitals - Hits : 26 - Faceoff Wins : 56 - Blocked Shots : 8 - Penalty Minutes : 0
EDMONTON Oilers - Hits : 19 - Faceoff Wins : 35 - Blocked Shots : 14 - Penalty Minutes : 12

Official

Referees : Unknown
Linesman : Unknown

Game Notes

Niklas Hjalmarsson is injured at 19:18 of 1st period (Bruised Right Arm)

Finance

Level 1 -- Attendance: 5362 (89,37%) -- Ticket Income 536 200 $
Level 2 -- Attendance: 5000 (100,00%) -- Ticket Income 275 000 $
Level 3 -- Attendance: 2454 (49,08%) -- Ticket Income 73 620 $
Level 4 -- Attendance: 4558 (91,16%) -- Ticket Income 82 044 $
Luxury Box -- Attendance: 955 (95,50%) -- Ticket Income 171 900 $
Game was played at the Rexall Place.
Total Attendance: 18329 (83,31%)
Total Ticket Income: 1 138 764 $
Other Income: 444 118 $
Total Income: 1 582 882 $

WASHINGTON Capitals

5 vs 5 Forward 
   Center                   Left Wing                Right Wing               Time % Phy DF OF 
 1 William Karlsson         Gustav Nyquist           Brock Boeser             39     0   1  4  
 2 Derek Stepan             Christian Dvorak         Blake Comeau             29     1   1  3  
 3 Ryan Strome              Jakub Vrana              Pavel Buchnevich         19     1   2  2  
 4 Blake Coleman            Jordan Weal              Matt Hendricks           13     1   2  2  

5 vs 5 Defense 
   Defense                  Defense                                           Time % Phy DF OF 
 1 Anton Stralman           Adam Larsson                                      45     1   3  1  
 2 Andy Greene              Trevor Daley                                      30     1   3  1  
 3 Braydon Coburn           Thomas Hickey                                     20     1   3  1  
 4 Andy Greene              Anton Stralman                                    5      0   5  0  

PowerPlay Forward 
   Center                   Left Wing                Right Wing               Time % Phy DF OF 
 1 William Karlsson         Gustav Nyquist           Brock Boeser             50     1   0  4  
 2 Derek Stepan             Christian Dvorak         Blake Comeau             50     1   0  4  

PowerPlay Defense
   Defense                  Defense                                           Time % Phy DF OF 
 1 Thomas Hickey            Trevor Daley                                      60     1   1  3  
 2 Adam Larsson             Anton Stralman                                    40     1   1  3  

Penalty Kill 4 Players Forward 
   Center                   Wing                     Time % Phy DF OF 
 1 William Karlsson         Matt Hendricks           60     1   3  1  
 2 Blake Coleman            Christian Dvorak         40     1   3  1  

Penalty Kill 4 Players Defense
   Defense                  Defense                  Time % Phy DF OF 
 1 Andy Greene              Anton Stralman           60     1   4  0  
 2 Adam Larsson             Trevor Daley             40     1   4  0  

Penalty Kill - 3 Players Forward 
   Forward                                           Time % Phy DF OF 
 1 Derek Stepan                                      60     1   4  0  
 2 William Karlsson                                  40     1   4  0  

Penalty Kill - 3 Players Defense
   Defense                  Defense                  Time % Phy DF OF 
 1 Andy Greene              Anton Stralman           60     1   4  0  
 2 Adam Larsson             Trevor Daley             40     1   4  0  

4 vs 4 Forward 
   Center                   Wing                     Time % Phy DF OF 
 1 William Karlsson         Blake Comeau             60     1   2  2  
 2 Derek Stepan             Gustav Nyquist           40     1   2  2  

4 vs 4 Defense
   Defense                  Defense                  Time % Phy DF OF 
 1 Adam Larsson             Thomas Hickey            60     1   2  2  
 2 Andy Greene              Braydon Coburn           40     1   2  2  

Last Minutes Offensive
   Center                   Left Wing                Right Wing               Defense                  Defense                  
   William Karlsson         Gustav Nyquist           Derek Stepan             Adam Larsson             Trevor Daley             

Last Minutes Defensive
   Center                   Left Wing                Right Wing               Defense                  Defense                  
   William Karlsson         Gustav Nyquist           Derek Stepan             Adam Larsson             Trevor Daley             

Goaltenders
Starting : Robin Lehner             
Backup : Jimmy Howard             

Extra Forwards
Normal : Christian Dvorak, William Karlsson, Derek Stepan - PP : Christian Dvorak, Derek Stepan - PK : Derek Stepan
Extra Defensemen
Normal : Braydon Coburn, Thomas Hickey, Andy Greene - PP : Braydon Coburn - PK : Thomas Hickey, Braydon Coburn
Penalty Shots
Brock Boeser, William Karlsson, Gustav Nyquist, Ryan Strome, Christian Dvorak

EDMONTON Oilers

5 vs 5 Forward 
   Center                   Left Wing                Right Wing               Time % Phy DF OF 
 1 Mike Hoffman             Leo Komarov              Jordan Eberle            40     1   2  2  
 2 Jason Spezza             Sam Gagner               Andrew Shaw              30     1   2  2  
 3 Mark Letestu             Jimmy Vesey              Brian Flynn              20     1   2  2  
 4 David Desharnais         Jordan Eberle            Casey Bailey             10     1   2  2  

5 vs 5 Defense 
   Defense                  Defense                                           Time % Phy DF OF 
 1 Josh Morrissey           Niklas Hjalmarsson                                40     1   2  2  
 2 Cody Franson             Matt Irwin                                        30     1   2  2  
 3 Brad Hunt                Madison Bowey                                     20     1   2  2  
 4 Josh Morrissey           Niklas Hjalmarsson                                10     1   2  2  

PowerPlay Forward 
   Center                   Left Wing                Right Wing               Time % Phy DF OF 
 1 Mike Hoffman             Leo Komarov              Jordan Eberle            60     1   2  2  
 2 Jason Spezza             Sam Gagner               Andrew Shaw              40     1   2  2  

PowerPlay Defense
   Defense                  Defense                                           Time % Phy DF OF 
 1 Josh Morrissey           Niklas Hjalmarsson                                60     1   2  2  
 2 Brad Hunt                Matt Irwin                                        40     1   2  2  

Penalty Kill 4 Players Forward 
   Center                   Wing                     Time % Phy DF OF 
 1 Jordan Eberle            Mike Hoffman             60     1   2  2  
 2 Leo Komarov              Jason Spezza             40     1   2  2  

Penalty Kill 4 Players Defense
   Defense                  Defense                  Time % Phy DF OF 
 1 Josh Morrissey           Niklas Hjalmarsson       60     1   2  2  
 2 Madison Bowey            Matt Irwin               40     1   2  2  

Penalty Kill - 3 Players Forward 
   Forward                                           Time % Phy DF OF 
 1 Jordan Eberle                                     60     1   2  2  
 2 Mike Hoffman                                      40     1   2  2  

Penalty Kill - 3 Players Defense
   Defense                  Defense                  Time % Phy DF OF 
 1 Josh Morrissey           Niklas Hjalmarsson       60     1   2  2  
 2 Madison Bowey            Matt Irwin               40     1   2  2  

4 vs 4 Forward 
   Center                   Wing                     Time % Phy DF OF 
 1 Jordan Eberle            Mike Hoffman             60     1   2  2  
 2 Leo Komarov              Jason Spezza             40     1   2  2  

4 vs 4 Defense
   Defense                  Defense                  Time % Phy DF OF 
 1 Josh Morrissey           Niklas Hjalmarsson       60     1   2  2  
 2 Brad Hunt                Matt Irwin               40     1   2  2  

Last Minutes Offensive
   Center                   Left Wing                Right Wing               Defense                  Defense                  
   Mike Hoffman             Leo Komarov              Jordan Eberle            Josh Morrissey           Niklas Hjalmarsson       

Last Minutes Defensive
   Center                   Left Wing                Right Wing               Defense                  Defense                  
   Mike Hoffman             Leo Komarov              Jordan Eberle            Josh Morrissey           Niklas Hjalmarsson       

Goaltenders
Starting : Sergei Bobrovsky         
Backup : Antti Niemi              

Extra Forwards
Normal : Travis Morin, Jordan Eberle, Jimmy Vesey - PP : Travis Morin, Jordan Eberle - PK : Jimmy Vesey
Extra Defensemen
Normal : Brad Hunt, Madison Bowey, Niklas Hjalmarsson - PP : Brad Hunt - PK : Madison Bowey, Josh Morrissey
Penalty Shots
Jordan Eberle, Mike Hoffman, Leo Komarov, Jason Spezza, Sam Gagner


% Time on Ice - WASHINGTON Capitals

Lines # - Real PCT - Wanted PCT - Time Play
Normal Forward
1 - 36% - 39% - 17:21
2 - 29% - 29% - 13:56
3 - 21% - 19% - 10:00
4 - 14% - 13% - 6:49
Normal Defense
1 - 37% - 45% - 18:01
2 - 31% - 30% - 15:07
3 - 29% - 20% - 13:57
4 - 2% - 5% - 1:01
PP Forward
1 - 53% - 50% - 6:16
2 - 47% - 50% - 5:38
PP Defense
1 - 51% - 60% - 6:01
2 - 49% - 40% - 5:53
PK Forward
1 - 0% - 60%
2 - 0% - 40%
PK Defense
1 - 0% - 60%
2 - 0% - 40%
PK3 Forward
1 - 0% - 60%
2 - 0% - 40%
PK3 Defense
1 - 0% - 60%
2 - 0% - 40%
44 Forward
1 - 0% - 60%
2 - 0% - 40%
44 Defense
1 - 0% - 60%
2 - 0% - 40%
Last Minute Offensive  - 0:00
Last Minute Defensive  - 0:00
Total
Forward - 60:00
Defense - 60:00

% Time on Ice - EDMONTON Oilers

Lines # - Real PCT - Wanted PCT - Time Play
Normal Forward
1 - 32% - 40% - 15:17
2 - 36% - 30% - 17:13
3 - 26% - 20% - 12:41
4 - 6% - 10% - 2:55
Normal Defense
1 - 41% - 40% - 19:49
2 - 35% - 30% - 17:00
3 - 18% - 20% - 8:35
4 - 6% - 10% - 2:42
PP Forward
1 - 0% - 60%
2 - 0% - 40%
PP Defense
1 - 0% - 60%
2 - 0% - 40%
PK Forward
1 - 68% - 60% - 8:06
2 - 32% - 40% - 3:48
PK Defense
1 - 63% - 60% - 7:32
2 - 37% - 40% - 4:22
PK3 Forward
1 - 0% - 60%
2 - 0% - 40%
PK3 Defense
1 - 0% - 60%
2 - 0% - 40%
44 Forward
1 - 0% - 60%
2 - 0% - 40%
44 Defense
1 - 0% - 60%
2 - 0% - 40%
Last Minute Offensive  - 0:00
Last Minute Defensive  - 0:00
Total
Forward - 60:00
Defense - 60:00

Play by Play

1st period


0:01 of 1st period - William Karlsson wins face-off versus Mike Hoffman in neutral zone.
0:03 of 1st period - Anton Stralman is hit by Josh Morrissey and loses puck.
0:27 of 1st period - Icing by Niklas Hjalmarsson.
0:28 of 1st period - Derek Stepan wins face-off versus Mike Hoffman in EDMONTON Oilers zone.
0:42 of 1st period - Blake Comeau is hit by Josh Morrissey and loses puck.
0:54 of 1st period - Derek Stepan is hit by Josh Morrissey and loses puck.
1:08 of 1st period - Christian Dvorak is hit by Josh Morrissey and loses puck.
1:39 of 1st period - Shot by Sam Gagner.
1:39 of 1st period - Shot Misses the Net.
1:46 of 1st period - Sam Gagner is hit by Braydon Coburn and loses puck.
1:55 of 1st period - Shot by Andrew Shaw.
1:55 of 1st period - Stopped by Robin Lehner without a rebound.
1:56 of 1st period - Mark Letestu wins face-off versus William Karlsson in WASHINGTON Capitals zone.
2:08 of 1st period - Shot by Jimmy Vesey.
2:08 of 1st period - Shot Misses the Net.
2:24 of 1st period - Shot by Mark Letestu.
2:24 of 1st period - Shot Misses the Net.
2:26 of 1st period - Shot by Brad Hunt.
2:26 of 1st period - Shot Misses the Net.
3:04 of 1st period - Shot by Blake Coleman.
3:04 of 1st period - Shot Misses the Net.
3:06 of 1st period - Shot by Andy Greene.
3:06 of 1st period - Shot Misses the Net.
3:08 of 1st period - Shot by Matt Hendricks.
3:08 of 1st period - Shot Misses the Net.
3:18 of 1st period - Shot by Blake Coleman.
3:18 of 1st period - Shot Misses the Net.
3:20 of 1st period - Shot by Andy Greene.
3:20 of 1st period - Stopped by Sergei Bobrovsky without a rebound.
3:21 of 1st period - David Desharnais wins face-off versus Derek Stepan in EDMONTON Oilers zone.
3:49 of 1st period - Shot by David Desharnais.
3:49 of 1st period - Stopped by Robin Lehner with a rebound.
4:01 of 1st period - Shot by Derek Stepan.
4:01 of 1st period - Stopped by Sergei Bobrovsky without a rebound.
4:02 of 1st period - Ryan Strome wins face-off versus Mark Letestu in EDMONTON Oilers zone.
4:19 of 1st period - Shot by Pavel Buchnevich.
4:19 of 1st period - Shot Misses the Net.
4:59 of 1st period - Brad Hunt is hit by William Karlsson and loses puck.
5:22 of 1st period - Shot by William Karlsson.
5:22 of 1st period - Shot Misses the Net.
5:29 of 1st period - Icing by Brad Hunt.
5:30 of 1st period - Blake Coleman wins face-off versus Mark Letestu in EDMONTON Oilers zone.
5:55 of 1st period - Shot by Matt Hendricks.
5:55 of 1st period - Shot Misses the Net.
6:00 of 1st period - Mike Hoffman is hit by Adam Larsson and loses puck.
6:09 of 1st period - Shot by Jordan Eberle.
6:09 of 1st period - Stopped by Robin Lehner without a rebound.
6:10 of 1st period - Jason Spezza wins face-off versus Derek Stepan in WASHINGTON Capitals zone.
6:14 of 1st period - Sam Gagner is hit by Andy Greene and loses puck.
6:40 of 1st period - Icing by Cody Franson.
6:41 of 1st period - Andrew Shaw wins face-off versus William Karlsson in EDMONTON Oilers zone.
6:41 of 1st period - Andrew Shaw is hit by Gustav Nyquist.
6:58 of 1st period - Icing by William Karlsson.
6:59 of 1st period - Leo Komarov wins face-off versus William Karlsson in WASHINGTON Capitals zone.
6:59 of 1st period - Niklas Hjalmarsson is hit by Braydon Coburn and loses puck.
7:09 of 1st period - Gustav Nyquist is hit by Josh Morrissey and loses puck.
7:43 of 1st period - Jordan Eberle is hit by Braydon Coburn and loses puck.
7:59 of 1st period - Mike Hoffman is hit by Blake Comeau and loses puck.
8:11 of 1st period - Shot by Christian Dvorak.
8:11 of 1st period - Stopped by Sergei Bobrovsky with a rebound.
8:48 of 1st period - Mike Hoffman is hit by Ryan Strome and loses puck.
8:56 of 1st period - Niklas Hjalmarsson is hit by Jakub Vrana and loses puck.
9:25 of 1st period - Andrew Shaw is hit by Trevor Daley and loses puck.
9:39 of 1st period - Jason Spezza is hit by Trevor Daley and loses puck.
9:42 of 1st period - Shot by Matt Irwin.
9:42 of 1st period - Deflect By Andrew Shaw.
9:42 of 1st period - Shot Blocked by Andy Greene.
9:44 of 1st period - Shot by Cody Franson.
9:44 of 1st period - Shot Misses the Net.
10:08 of 1st period - Brad Hunt is hit by Blake Coleman.
10:37 of 1st period - Icing by Madison Bowey.
10:38 of 1st period - William Karlsson wins face-off versus Jimmy Vesey in EDMONTON Oilers zone.
10:41 of 1st period - Shot by William Karlsson.
10:41 of 1st period - Stopped by Sergei Bobrovsky without a rebound.
10:42 of 1st period - William Karlsson wins face-off versus Andrew Shaw in EDMONTON Oilers zone.
10:53 of 1st period - Shot by William Karlsson.
10:53 of 1st period - Shot Blocked by Cody Franson.
10:56 of 1st period - Icing by Matt Irwin.
10:57 of 1st period - Derek Stepan wins face-off versus Jason Spezza in EDMONTON Oilers zone.
11:12 of 1st period - Shot by Andrew Shaw.
11:12 of 1st period - Stopped by Robin Lehner without a rebound.
11:13 of 1st period - Brian Flynn wins face-off versus William Karlsson in WASHINGTON Capitals zone.
11:24 of 1st period - Shot by Mark Letestu.
11:24 of 1st period - Deflect By Jimmy Vesey.
11:24 of 1st period - Shot Blocked by Gustav Nyquist.
11:28 of 1st period - Shot by Mark Letestu.
11:28 of 1st period - Shot Misses the Net.
11:30 of 1st period - Shot by Mark Letestu.
11:30 of 1st period - Shot Misses the Net.
11:50 of 1st period - Shot by Brock Boeser.
11:50 of 1st period - Stopped by Sergei Bobrovsky with a rebound.
12:43 of 1st period - Shot by Sam Gagner.
12:43 of 1st period - Stopped by Robin Lehner without a rebound.
12:44 of 1st period - Derek Stepan wins face-off versus Mike Hoffman in WASHINGTON Capitals zone.
12:50 of 1st period - Mike Hoffman is hit by Adam Larsson and loses puck.
13:17 of 1st period - Anton Stralman is hit by Leo Komarov and loses puck.
13:40 of 1st period - Shot by Jimmy Vesey.
13:40 of 1st period - Shot Blocked by Anton Stralman.
13:42 of 1st period - Shot by Matt Irwin.
13:42 of 1st period - Stopped by Robin Lehner without a rebound.
13:43 of 1st period - Blake Coleman wins face-off versus Jason Spezza in WASHINGTON Capitals zone.
13:43 of 1st period - Blake Coleman is hit by Andrew Shaw.
13:48 of 1st period - Off-side.
13:49 of 1st period - Blake Coleman wins face-off versus Jason Spezza in neutral zone.
14:00 of 1st period - Shot by Blake Coleman.
14:00 of 1st period - Stopped by Sergei Bobrovsky without a rebound.
14:01 of 1st period - Mark Letestu wins face-off versus Ryan Strome in EDMONTON Oilers zone.
14:09 of 1st period - Minor Penalty to Madison Bowey for Diving.
14:10 of 1st period - Mike Hoffman wins face-off versus William Karlsson in EDMONTON Oilers zone.
15:03 of 1st period - Icing by Anton Stralman.
15:04 of 1st period - Derek Stepan wins face-off versus Leo Komarov in WASHINGTON Capitals zone.
15:29 of 1st period - Shot by Derek Stepan.
15:29 of 1st period - Shot Misses the Net.
15:31 of 1st period - Shot by Anton Stralman.
15:31 of 1st period - Stopped by Sergei Bobrovsky without a rebound.
15:32 of 1st period - Leo Komarov wins face-off versus William Karlsson in EDMONTON Oilers zone.
15:41 of 1st period - Jason Spezza is hit by Brock Boeser and loses puck.
15:48 of 1st period - Shot by Trevor Daley.
15:48 of 1st period - Stopped by Sergei Bobrovsky without a rebound.
15:49 of 1st period - Derek Stepan wins face-off versus Jordan Eberle in EDMONTON Oilers zone.
15:50 of 1st period - Shot by Anton Stralman.
15:50 of 1st period - Shot Misses the Net.
15:52 of 1st period - Shot by Anton Stralman.
15:52 of 1st period - Stopped by Sergei Bobrovsky without a rebound.
15:53 of 1st period - Derek Stepan wins face-off versus Mike Hoffman in EDMONTON Oilers zone.
16:06 of 1st period - Shot by Adam Larsson.
16:06 of 1st period - Shot Misses the Net.
16:08 of 1st period - Shot by Adam Larsson.
16:08 of 1st period - Goal by Adam Larsson - WASHINGTON Capitals : 1 - EDMONTON Oilers : 0.
16:09 of 1st period - William Karlsson wins face-off versus Jason Spezza in neutral zone.
16:15 of 1st period - Icing by Madison Bowey.
16:16 of 1st period - William Karlsson wins face-off versus Jason Spezza in EDMONTON Oilers zone.
16:33 of 1st period - Shot by William Karlsson.
16:33 of 1st period - Stopped by Sergei Bobrovsky without a rebound.
16:34 of 1st period - Derek Stepan wins face-off versus Mike Hoffman in EDMONTON Oilers zone.
17:03 of 1st period - Shot by Leo Komarov.
17:03 of 1st period - Stopped by Robin Lehner without a rebound.
17:04 of 1st period - William Karlsson wins face-off versus Jason Spezza in WASHINGTON Capitals zone.
17:23 of 1st period - Brock Boeser is hit by Matt Irwin and loses puck.
18:04 of 1st period - Icing by Matt Irwin.
18:05 of 1st period - Ryan Strome wins face-off versus Jason Spezza in EDMONTON Oilers zone.
18:06 of 1st period - Shot by Pavel Buchnevich.
18:06 of 1st period - Stopped by Sergei Bobrovsky with a rebound.
18:42 of 1st period - Shot by Pavel Buchnevich.
18:42 of 1st period - Shot Misses the Net.
19:03 of 1st period - Shot by Blake Comeau.
19:03 of 1st period - Deflect By Derek Stepan.
19:03 of 1st period - Goal by Derek Stepan - WASHINGTON Capitals : 2 - EDMONTON Oilers : 0.
19:04 of 1st period - William Karlsson wins face-off versus Leo Komarov in neutral zone.
19:04 of 1st period - Minor Penalty to Leo Komarov for Hooking.
19:05 of 1st period - Jordan Eberle wins face-off versus Derek Stepan in EDMONTON Oilers zone.
19:18 of 1st period - Shot by Anton Stralman.
19:18 of 1st period - Shot Blocked by Niklas Hjalmarsson.
19:18 of 1st period - Niklas Hjalmarsson from EDMONTON Oilers is injured at 19:18 of 1st period (Bruised Right Arm).
19:19 of 1st period - William Karlsson wins face-off versus Jordan Eberle in EDMONTON Oilers zone.
Goals for this period are 2 for WASHINGTON Capitals vs 0 for EDMONTON Oilers.
Shots for this period are 13 for WASHINGTON Capitals vs 7 for EDMONTON Oilers.

2nd period


0:01 of 2nd period - Derek Stepan wins face-off versus Jordan Eberle in neutral zone.
0:03 of 2nd period - Off-side.
0:04 of 2nd period - Derek Stepan wins face-off versus Jordan Eberle in neutral zone.
0:30 of 2nd period - Shot by Trevor Daley.
0:30 of 2nd period - Shot Blocked by Mike Hoffman.
0:32 of 2nd period - Shot by Blake Comeau.
0:32 of 2nd period - Stopped by Sergei Bobrovsky with a rebound.
0:34 of 2nd period - Shot by Blake Comeau.
0:34 of 2nd period - Shot Misses the Net.
0:36 of 2nd period - Shot by Trevor Daley.
0:36 of 2nd period - Stopped by Sergei Bobrovsky without a rebound.
0:37 of 2nd period - Jimmy Vesey wins face-off versus William Karlsson in EDMONTON Oilers zone.
0:47 of 2nd period - Icing by Adam Larsson.
0:48 of 2nd period - William Karlsson wins face-off versus Jordan Eberle in WASHINGTON Capitals zone.
0:58 of 2nd period - Shot by Adam Larsson.
0:58 of 2nd period - Shot Blocked by Madison Bowey.
1:00 of 2nd period - Shot by William Karlsson.
1:00 of 2nd period - Stopped by Sergei Bobrovsky without a rebound.
1:01 of 2nd period - Derek Stepan wins face-off versus Jordan Eberle in EDMONTON Oilers zone.
1:32 of 2nd period - Icing by Blake Coleman.
1:33 of 2nd period - Mike Hoffman wins face-off versus Blake Coleman in WASHINGTON Capitals zone.
1:33 of 2nd period - Mike Hoffman is hit by Adam Larsson.
1:39 of 2nd period - Shot by Mike Hoffman.
1:39 of 2nd period - Shot Misses the Net.
1:41 of 2nd period - Shot by Leo Komarov.
1:41 of 2nd period - Shot Misses the Net.
1:43 of 2nd period - Shot by Mike Hoffman.
1:43 of 2nd period - Shot Blocked by Anton Stralman.
1:50 of 2nd period - Shot by Leo Komarov.
1:50 of 2nd period - Stopped by Robin Lehner without a rebound.
1:51 of 2nd period - William Karlsson wins face-off versus Jason Spezza in WASHINGTON Capitals zone.
1:51 of 2nd period - William Karlsson is hit by Andrew Shaw.
2:07 of 2nd period - Shot by William Karlsson.
2:07 of 2nd period - Shot Misses the Net.
2:09 of 2nd period - Shot by Gustav Nyquist.
2:09 of 2nd period - Shot Misses the Net.
2:11 of 2nd period - Shot by William Karlsson.
2:11 of 2nd period - Shot Misses the Net.
2:25 of 2nd period - Shot by William Karlsson.
2:25 of 2nd period - Shot Blocked by Brad Hunt.
2:31 of 2nd period - Shot by William Karlsson.
2:31 of 2nd period - Stopped by Sergei Bobrovsky without a rebound.
2:32 of 2nd period - Derek Stepan wins face-off versus Mike Hoffman in EDMONTON Oilers zone.
2:43 of 2nd period - Shot by Christian Dvorak.
2:43 of 2nd period - Shot Misses the Net.
2:53 of 2nd period - Christian Dvorak is hit by Leo Komarov and loses puck.
3:51 of 2nd period - Mark Letestu is hit by Braydon Coburn.
3:57 of 2nd period - Shot by Josh Morrissey.
3:57 of 2nd period - Shot Misses the Net.
3:59 of 2nd period - Shot by Josh Morrissey.
3:59 of 2nd period - Shot Blocked by Thomas Hickey.
4:01 of 2nd period - Shot by Jimmy Vesey.
4:01 of 2nd period - Shot Misses the Net.
4:32 of 2nd period - Shot by Sam Gagner.
4:32 of 2nd period - Shot Misses the Net.
5:53 of 2nd period - Shot by Jimmy Vesey.
5:53 of 2nd period - Stopped by Robin Lehner without a rebound.
5:54 of 2nd period - William Karlsson wins face-off versus Jason Spezza in WASHINGTON Capitals zone.
5:54 of 2nd period - William Karlsson is hit by Andrew Shaw.
6:09 of 2nd period - Anton Stralman is hit by Andrew Shaw and loses puck.
6:22 of 2nd period - Shot by Jason Spezza.
6:22 of 2nd period - Stopped by Robin Lehner without a rebound.
6:23 of 2nd period - Derek Stepan wins face-off versus Casey Bailey in WASHINGTON Capitals zone.
6:28 of 2nd period - David Desharnais is hit by Blake Comeau and loses puck.
7:50 of 2nd period - Shot by William Karlsson.
7:50 of 2nd period - Stopped by Sergei Bobrovsky without a rebound.
7:51 of 2nd period - Blake Coleman wins face-off versus Jason Spezza in EDMONTON Oilers zone.
7:58 of 2nd period - Shot by Andrew Shaw.
7:58 of 2nd period - Shot Misses the Net.
8:00 of 2nd period - Shot by Sam Gagner.
8:00 of 2nd period - Stopped by Robin Lehner with a rebound.
8:21 of 2nd period - Icing by Brad Hunt.
8:22 of 2nd period - Andrew Shaw wins face-off versus Derek Stepan in EDMONTON Oilers zone.
8:39 of 2nd period - Shot by Andrew Shaw.
8:39 of 2nd period - Stopped by Robin Lehner without a rebound.
8:40 of 2nd period - Mark Letestu wins face-off versus William Karlsson in WASHINGTON Capitals zone.
9:04 of 2nd period - William Karlsson is hit by Josh Morrissey and loses puck.
9:31 of 2nd period - Trevor Daley is hit by Mark Letestu and loses puck.
10:01 of 2nd period - Icing by Trevor Daley.
10:02 of 2nd period - Mike Hoffman wins face-off versus Derek Stepan in WASHINGTON Capitals zone.
10:05 of 2nd period - Shot by Jordan Eberle.
10:05 of 2nd period - Shot Blocked by Trevor Daley.
10:22 of 2nd period - Icing by Matt Irwin.
10:23 of 2nd period - William Karlsson wins face-off versus Jordan Eberle in EDMONTON Oilers zone.
10:26 of 2nd period - Shot by William Karlsson.
10:26 of 2nd period - Stopped by Sergei Bobrovsky without a rebound.
10:27 of 2nd period - Jason Spezza wins face-off versus William Karlsson in EDMONTON Oilers zone.
10:46 of 2nd period - Shot by Brock Boeser.
10:46 of 2nd period - Stopped by Sergei Bobrovsky without a rebound.
10:47 of 2nd period - Mike Hoffman wins face-off versus Blake Coleman in EDMONTON Oilers zone.
10:58 of 2nd period - Shot by Mike Hoffman.
10:58 of 2nd period - Shot Misses the Net.
11:09 of 2nd period - Mike Hoffman is hit by Thomas Hickey.
11:54 of 2nd period - Shot by Gustav Nyquist.
11:54 of 2nd period - Stopped by Sergei Bobrovsky without a rebound.
11:55 of 2nd period - Christian Dvorak wins face-off versus Mark Letestu in EDMONTON Oilers zone.
12:09 of 2nd period - Off-side.
12:10 of 2nd period - William Karlsson wins face-off versus Jason Spezza in neutral zone.
12:29 of 2nd period - Shot by Jason Spezza.
12:29 of 2nd period - Stopped by Robin Lehner without a rebound.
12:30 of 2nd period - Mike Hoffman wins face-off versus Derek Stepan in WASHINGTON Capitals zone.
12:37 of 2nd period - Shot by Mike Hoffman.
12:37 of 2nd period - Shot Misses the Net.
12:55 of 2nd period - Shot by Andy Greene.
12:55 of 2nd period - Stopped by Sergei Bobrovsky with a rebound.
13:07 of 2nd period - Shot by Derek Stepan.
13:07 of 2nd period - Shot Blocked by Cody Franson.
13:26 of 2nd period - Icing by Christian Dvorak.
13:27 of 2nd period - Derek Stepan wins face-off versus Jason Spezza in WASHINGTON Capitals zone.
13:27 of 2nd period - Christian Dvorak is hit by Andrew Shaw and loses puck.
13:33 of 2nd period - Icing by Derek Stepan.
13:34 of 2nd period - Derek Stepan wins face-off versus Jason Spezza in WASHINGTON Capitals zone.
13:36 of 2nd period - Icing by Trevor Daley.
13:37 of 2nd period - Derek Stepan wins face-off versus Jason Spezza in WASHINGTON Capitals zone.
13:56 of 2nd period - Shot by William Karlsson.
13:56 of 2nd period - Shot Misses the Net.
14:21 of 2nd period - Icing by Adam Larsson.
14:22 of 2nd period - Mike Hoffman wins face-off versus William Karlsson in WASHINGTON Capitals zone.
14:27 of 2nd period - Icing by Adam Larsson.
14:28 of 2nd period - Brock Boeser wins face-off versus Mike Hoffman in WASHINGTON Capitals zone.
14:54 of 2nd period - Icing by Matt Irwin.
14:55 of 2nd period - Mike Hoffman wins face-off versus Derek Stepan in EDMONTON Oilers zone.
14:55 of 2nd period - Mike Hoffman is hit by Christian Dvorak.
15:03 of 2nd period - Shot by Derek Stepan.
15:03 of 2nd period - Shot Misses the Net.
16:51 of 2nd period - Andrew Shaw is hit by Adam Larsson and loses puck.
17:12 of 2nd period - Shot by Jason Spezza.
17:12 of 2nd period - Stopped by Robin Lehner without a rebound.
17:13 of 2nd period - Ryan Strome wins face-off versus Mike Hoffman in WASHINGTON Capitals zone.
18:05 of 2nd period - Jordan Eberle is hit by Braydon Coburn and loses puck.
19:26 of 2nd period - Mark Letestu is hit by Blake Coleman and loses puck.
Goals for this period are 0 for WASHINGTON Capitals vs 0 for EDMONTON Oilers.
Shots for this period are 9 for WASHINGTON Capitals vs 7 for EDMONTON Oilers.

3rd period


0:01 of 3rd period - Mike Hoffman wins face-off versus William Karlsson in neutral zone.
0:04 of 3rd period - Shot by Mike Hoffman.
0:04 of 3rd period - Shot Misses the Net.
0:34 of 3rd period - Icing by Anton Stralman.
0:35 of 3rd period - Jason Spezza wins face-off versus William Karlsson in WASHINGTON Capitals zone.
0:36 of 3rd period - Shot by Sam Gagner.
0:36 of 3rd period - Shot Misses the Net.
0:47 of 3rd period - Minor Penalty to Sam Gagner for Close Hand On Puck.
0:48 of 3rd period - Derek Stepan wins face-off versus Jordan Eberle in EDMONTON Oilers zone.
1:01 of 3rd period - Shot by Blake Comeau.
1:01 of 3rd period - Shot Misses the Net.
1:09 of 3rd period - Shot by Christian Dvorak.
1:09 of 3rd period - Shot Misses the Net.
2:32 of 3rd period - Off-side.
2:33 of 3rd period - Jordan Eberle wins face-off versus Derek Stepan in neutral zone.
2:51 of 3rd period - Minor Penalty to Mark Letestu for Roughing.
2:52 of 3rd period - Jordan Eberle wins face-off versus William Karlsson in EDMONTON Oilers zone.
3:05 of 3rd period - Shot by Anton Stralman.
3:05 of 3rd period - Stopped by Sergei Bobrovsky without a rebound.
3:06 of 3rd period - Derek Stepan wins face-off versus Jordan Eberle in EDMONTON Oilers zone.
3:07 of 3rd period - Shot by Trevor Daley.
3:07 of 3rd period - Stopped by Sergei Bobrovsky with a rebound.
3:25 of 3rd period - Shot by Thomas Hickey.
3:25 of 3rd period - Stopped by Sergei Bobrovsky without a rebound.
3:26 of 3rd period - William Karlsson wins face-off versus Leo Komarov in EDMONTON Oilers zone.
3:33 of 3rd period - William Karlsson is hit by Cody Franson and loses puck.
3:38 of 3rd period - Shot by Anton Stralman.
3:38 of 3rd period - Stopped by Sergei Bobrovsky without a rebound.
3:39 of 3rd period - William Karlsson wins face-off versus Jordan Eberle in EDMONTON Oilers zone.
4:58 of 3rd period - Shot by Jakub Vrana.
4:58 of 3rd period - Stopped by Sergei Bobrovsky without a rebound.
4:59 of 3rd period - Blake Coleman wins face-off versus Mark Letestu in EDMONTON Oilers zone.
5:02 of 3rd period - Shot by Blake Coleman.
5:02 of 3rd period - Stopped by Sergei Bobrovsky without a rebound.
5:03 of 3rd period - Jason Spezza wins face-off versus Blake Coleman in EDMONTON Oilers zone.
5:03 of 3rd period - Jason Spezza is hit by Matt Hendricks.
5:08 of 3rd period - Minor Penalty to Andrew Shaw for Roughing.
5:09 of 3rd period - Jordan Eberle wins face-off versus Derek Stepan in EDMONTON Oilers zone.
5:26 of 3rd period - Shot by Thomas Hickey.
5:26 of 3rd period - Stopped by Sergei Bobrovsky without a rebound.
5:27 of 3rd period - William Karlsson wins face-off versus Jordan Eberle in EDMONTON Oilers zone.
5:44 of 3rd period - Shot by William Karlsson.
5:44 of 3rd period - Shot Blocked by Madison Bowey.
5:46 of 3rd period - Shot by Gustav Nyquist.
5:46 of 3rd period - Shot Blocked by Josh Morrissey.
5:48 of 3rd period - Shot by Adam Larsson.
5:48 of 3rd period - Shot Misses the Net.
5:50 of 3rd period - Shot by William Karlsson.
5:50 of 3rd period - Shot Misses the Net.
5:52 of 3rd period - Shot by William Karlsson.
5:52 of 3rd period - Shot Misses the Net.
6:06 of 3rd period - Shot by Brock Boeser.
6:06 of 3rd period - Stopped by Sergei Bobrovsky without a rebound.
6:07 of 3rd period - Derek Stepan wins face-off versus Leo Komarov in EDMONTON Oilers zone.
6:08 of 3rd period - Shot by Thomas Hickey.
6:08 of 3rd period - Stopped by Sergei Bobrovsky without a rebound.
6:09 of 3rd period - Leo Komarov wins face-off versus Christian Dvorak in EDMONTON Oilers zone.
6:28 of 3rd period - Shot by Thomas Hickey.
6:28 of 3rd period - Deflect By Blake Comeau.
6:28 of 3rd period - Stopped by Sergei Bobrovsky without a rebound.
6:29 of 3rd period - Jordan Eberle wins face-off versus William Karlsson in EDMONTON Oilers zone.
7:31 of 3rd period - Shot by Derek Stepan.
7:31 of 3rd period - Stopped by Sergei Bobrovsky without a rebound.
7:32 of 3rd period - Ryan Strome wins face-off versus Jason Spezza in EDMONTON Oilers zone.
7:49 of 3rd period - Shot by Andrew Shaw.
7:49 of 3rd period - Shot Blocked by Thomas Hickey.
7:51 of 3rd period - Shot by Jason Spezza.
7:51 of 3rd period - Shot Misses the Net.
7:53 of 3rd period - Shot by Jason Spezza.
7:53 of 3rd period - Stopped by Robin Lehner without a rebound.
7:54 of 3rd period - William Karlsson wins face-off versus Mike Hoffman in WASHINGTON Capitals zone.
8:05 of 3rd period - Shot by William Karlsson.
8:05 of 3rd period - Shot Misses the Net.
8:11 of 3rd period - Shot by Brock Boeser.
8:11 of 3rd period - Stopped by Sergei Bobrovsky without a rebound.
8:12 of 3rd period - Derek Stepan wins face-off versus Jason Spezza in EDMONTON Oilers zone.
8:32 of 3rd period - Shot by Sam Gagner.
8:32 of 3rd period - Shot Blocked by Andy Greene.
8:34 of 3rd period - Shot by Matt Irwin.
8:34 of 3rd period - Stopped by Robin Lehner without a rebound.
8:35 of 3rd period - Mike Hoffman wins face-off versus William Karlsson in WASHINGTON Capitals zone.
8:58 of 3rd period - Shot by Gustav Nyquist.
8:58 of 3rd period - Stopped by Sergei Bobrovsky without a rebound.
8:59 of 3rd period - Derek Stepan wins face-off versus Jason Spezza in EDMONTON Oilers zone.
9:21 of 3rd period - Off-side.
9:22 of 3rd period - Mike Hoffman wins face-off versus William Karlsson in neutral zone.
9:29 of 3rd period - Icing by Adam Larsson.
9:30 of 3rd period - William Karlsson wins face-off versus Mike Hoffman in WASHINGTON Capitals zone.
10:16 of 3rd period - William Karlsson is hit by Madison Bowey.
10:52 of 3rd period - Shot by Christian Dvorak.
10:52 of 3rd period - Stopped by Sergei Bobrovsky without a rebound.
10:53 of 3rd period - Mark Letestu wins face-off versus Ryan Strome in EDMONTON Oilers zone.
11:09 of 3rd period - Icing by Thomas Hickey.
11:10 of 3rd period - Jason Spezza wins face-off versus Ryan Strome in WASHINGTON Capitals zone.
11:29 of 3rd period - Shot by Jakub Vrana.
11:29 of 3rd period - Shot Misses the Net.
12:00 of 3rd period - Derek Stepan is hit by Jimmy Vesey and loses puck.
12:10 of 3rd period - Blake Comeau is hit by Matt Irwin and loses puck.
12:27 of 3rd period - Shot by Brian Flynn.
12:27 of 3rd period - Shot Misses the Net.
12:46 of 3rd period - Off-side.
12:47 of 3rd period - Gustav Nyquist wins face-off versus Mike Hoffman in neutral zone.
12:49 of 3rd period - Off-side.
12:50 of 3rd period - Gustav Nyquist wins face-off versus Mike Hoffman in neutral zone.
12:53 of 3rd period - Shot by Gustav Nyquist.
12:53 of 3rd period - Shot Blocked by Brad Hunt.
13:16 of 3rd period - Shot by Leo Komarov.
13:16 of 3rd period - Stopped by Robin Lehner without a rebound.
13:17 of 3rd period - Jason Spezza wins face-off versus Blake Coleman in WASHINGTON Capitals zone.
13:17 of 3rd period - Jason Spezza is hit by Braydon Coburn.
13:27 of 3rd period - Josh Morrissey is hit by Blake Coleman.
14:25 of 3rd period - Off-side.
14:26 of 3rd period - William Karlsson wins face-off versus Mark Letestu in neutral zone.
14:29 of 3rd period - Shot by Anton Stralman.
14:29 of 3rd period - Deflect By William Karlsson.
14:29 of 3rd period - Shot Blocked by Josh Morrissey.
14:31 of 3rd period - Shot by Gustav Nyquist.
14:31 of 3rd period - Shot Blocked by Josh Morrissey.
14:58 of 3rd period - Icing by Josh Morrissey.
14:59 of 3rd period - Derek Stepan wins face-off versus Mark Letestu in EDMONTON Oilers zone.
15:12 of 3rd period - Shot by Derek Stepan.
15:12 of 3rd period - Shot Blocked by Madison Bowey.
15:14 of 3rd period - Shot by Andy Greene.
15:14 of 3rd period - Deflect By Derek Stepan.
15:14 of 3rd period - Stopped by Sergei Bobrovsky without a rebound.
15:15 of 3rd period - Mike Hoffman wins face-off versus Ryan Strome in EDMONTON Oilers zone.
17:09 of 3rd period - Icing by Josh Morrissey.
17:10 of 3rd period - Derek Stepan wins face-off versus Jason Spezza in EDMONTON Oilers zone.
17:35 of 3rd period - Minor Penalty to Matt Irwin for Hooking.
17:36 of 3rd period - Derek Stepan wins face-off versus Jordan Eberle in EDMONTON Oilers zone.
17:51 of 3rd period - Shot by Anton Stralman.
17:51 of 3rd period - Stopped by Sergei Bobrovsky without a rebound.
17:52 of 3rd period - Jordan Eberle wins face-off versus William Karlsson in EDMONTON Oilers zone.
18:01 of 3rd period - Shot by Thomas Hickey.
18:01 of 3rd period - Shot Blocked by Madison Bowey.
18:25 of 3rd period - Shot by Trevor Daley.
18:25 of 3rd period - Stopped by Sergei Bobrovsky without a rebound.
18:26 of 3rd period - Blake Comeau wins face-off versus Leo Komarov in EDMONTON Oilers zone.
18:39 of 3rd period - Shot by Adam Larsson.
18:39 of 3rd period - Stopped by Sergei Bobrovsky with a rebound.
18:41 of 3rd period - Shot by Christian Dvorak.
18:41 of 3rd period - Shot Blocked by Josh Morrissey.
18:59 of 3rd period - Shot by Adam Larsson.
18:59 of 3rd period - Shot Misses the Net.
Goals for this period are 0 for WASHINGTON Capitals vs 0 for EDMONTON Oilers.
Shots for this period are 18 for WASHINGTON Capitals vs 3 for EDMONTON Oilers.